 Dungeon Crawl Stone Soup version 0.27-a0-1280-g9d2d252d84 (webtiles) character file.

Game seed: 14858429777606998309

3875 Delamore the Spear-Bearer (level 10, 0/74 HPs)
             Began as a Formicid Fighter on June 13, 2021.
             Was an Elder of Nemelex Xobeh.
             Killed from afar by a rime drake (18 damage)
             ... with a flash freeze
             ... on level 9 of the Dungeon.
             The game lasted 00:10:13 (6905 turns).

Delamore the Spear-Bearer (Formicid Fighter)        Turns: 6905, Time: 00:10:14

Health: 0/74       AC: 10    Str: 25    XL:     10   Next: 42%
Magic:  14/14      EV:  6    Int:  7    God:    Nemelex Xobeh [****..]
Gold:   633        SH: 10    Dex: 10    Spells: 9/9 levels left

rFire    . . .     SeeInvis +   a - +1 trident
rCold    + . .     Faith    .   c - +1 kite shield
rNeg     . . .     Spirit   .   t - +1 chain mail {rC+}
rPois    .         Reflect  .   (helmet unavailable)
rElec    .         Harm     .   (no cloak)
rCorr    +         Rampage  .   (no gloves)
Will     +....                  (no boots)
Stlth    ..........             (no amulet)
HPRegen  0.22/turn              w - ring of resist corrosion
MPRegen  0.14/turn              (no ring)

@: mighty
A: permanent stasis, dig shafts and tunnels, antennae 3, four strong arms
a: Dig, Shaft Self, Renounce Religion, Draw Escape, Draw Destruction, Draw
Summoning, Triple Draw, Deal Four


You were on level 9 of the Dungeon.
You worshipped Nemelex Xobeh.
Nemelex Xobeh was greatly pleased with you.
You visited 1 branch of the dungeon, and saw 9 of its levels.
You also visited: Sewer and Ossuary.

You collected 935 gold pieces.
You spent 302 gold pieces at shops.

Inventory:

Hand Weapons
 a - a +1 trident (weapon)
 n - a +0 short sword
Missiles
 f - 26 poisoned darts (quivered)
 v - 7 boomerangs
Armour
 b - a +0 scale mail
 c - a +1 kite shield (worn)
 t - a +1 chain mail of cold resistance (worn)
 B - a +0 pair of gloves
Jewellery
 k - a ring of magical power
 w - a ring of resist corrosion (left hand)
Wands
 g - a wand of flame (12)
 l - a wand of iceblast (8)
 y - a wand of acid (6)
Scrolls
 o - a scroll of immolation
 q - 2 scrolls of holy word
 s - a scroll of fear
Potions
 d - a potion of might
 e - 2 potions of curing
 h - 2 potions of ambrosia
 i - 2 potions of mutation
 j - 2 potions of brilliance
 m - a potion of invisibility
 p - 2 potions of haste
 r - 3 potions of lignification
 u - a potion of heal wounds
 x - a potion of magic {unknown}
 z - 2 potions of attraction {unknown}
 A - a potion of degeneration {unknown}


   Skills:
 - Level 5.0 Fighting
 * Level 12.6 Polearms
 - Level 3.2 Armour
 - Level 3.6 Shields
 + Level 6.5 Invocations


You had 9 spell levels left.
You didn't know any spells.
Your spell library contained the following spells:

 Spells                   Type           Power      Damage    Failure   Level
 Magic Dart               Conj           0%         1d3       100%        1
 Searing Ray              Conj           0%         3d3       100%        2
 Dazzling Flash           Conj/Hex       0%         N/A       100%        3
 Fulminant Prism          Conj/Hex       0%         3d6       100%        4
 Iskenderun's Mystic Bla  Conj/Tloc      0%         2d3       100%        4


Dungeon Overview and Level Annotations

Branches:
Dungeon (10/15)            Temple (0/1) D:4           Sewer (visited)
Ossuary (visited)
   Lair: D:8-11         Orc: D:9-12

Altars:
Ashenzari
Elyvilon
Fedhas
Kikubaaqudgha
Nemelex Xobeh
Vehumet
The Shining One

Shops:
D:4 [   D:6 !   D:7 *


Innate Abilities, Weirdness & Mutations

You cannot be hasted, slowed, berserked, paralysed or teleported.
You can dig through walls and to a lower floor.
You have a pair of large antennae on your head. (SInv)
Your four strong arms can wield two-handed weapons with a shield.


Message History

The fire bat is moderately wounded.
The fire bat bites you.
You are engulfed in flames.
You impale the wyvern!!
The wyvern is almost dead.
You block the wyvern's attack.
You puncture the wyvern!
You kill the wyvern!
You block the fire bat's attack. The fire bat completely misses you.
You closely miss the fire bat.
The fire bat is moderately wounded.
You block the fire bat's attack.
You barely miss the fire bat.
The fire bat is moderately wounded.
The fire bat bites you but does no damage.
You puncture the steam dragon!
The steam dragon is heavily wounded.
The steam dragon breathes steam at you.
The ball of steam hits you but does no damage.
You impale the steam dragon!!
You kill the steam dragon!
The killer bee returns to its original shape as it dies.
You are engulfed in a cloud of scalding steam.
The fire bat bites you but does no damage.
You miss the fire bat.
The fire bat is moderately wounded.
You are engulfed in a cloud of scalding steam.
The fire bat bites you but does no damage.
You hit the rime drake.
The rime drake is lightly wounded.
You are engulfed in a cloud of scalding steam.
* * * LOW HITPOINT WARNING * * *
The rime drake completely misses you. You block the rime drake's attack.
You hit the rime drake.
The rime drake is lightly wounded.
You are engulfed in a cloud of scalding steam.
* * * LOW HITPOINT WARNING * * *
The rime drake breathes ice at you. The flash freeze hits you!!
You partially resist.
You die...
Your body glows with a rainbow of weird colours and disappears.

..........#
................#
..........#
................#
.......####
.................
.......#
###............?..
>...........
.................
.......#####
##..............!
.#######
#............... .#
###............... .#
#@#...D...?....... ..
##k#######........ #
.......b...............
.......................
.......................
.......................
.......................
......###.............
...... .#####


You could see a rime drake (catching breath) and a fire bat (misshapen).

Vanquished Creatures
  An unseen horror (D:9)
  A queen bee (D:9)
  A hornet (D:9)
  Grinder (D:3)
  3 yaks (D:9)
  A wyvern (D:9)
  A human (shapeshifter) (D:9)
  A steam dragon (D:9)
  2 water moccasins
  2 swamp drakes (D:6)
  A hornet zombie (D:5)
  A sky beast (D:7)
  A black bear (D:4)
  A necrophage (D:5)
  An ogre (D:5)
  2 phantoms
  A gnoll sergeant (D:5)
  A scorpion (D:6)
  A water moccasin skeleton (D:4)
  A killer bee (D:9)
  2 bullfrog zombies
  3 hounds
  3 centaur zombies (Ossuary)
  A centaur skeleton (D:7)
  2 bullfrog skeletons
  2 iguanas (D:5)
  Jessica (D:3)
  7 orc wizards
  A killer bee zombie (D:6)
  2 hound skeletons
  6 mummies
  4 gnolls (D:5)
  8 adders
  2 white imps (D:6)
  An ufetubus (D:3)
  3 worms
  5 dart slugs
  19 orcs
  4 ball pythons
  9 bats
  6 endoplasms
  6 giant cockroaches
  9 hobgoblins
  5 kobolds
  6 quokkas
  5 frilled lizards
  6 goblins
  6 hobgoblin zombies (Ossuary)
  7 rats
166 creatures vanquished.

Vanquished Creatures (others)
  3 plants (D:2)
3 creatures vanquished.

Grand Total: 169 creatures vanquished

Notes
Turn   | Place    | Note
-------+----------+-------------------------------------------
     0 | D:1      | Delamore the Formicid Fighter began the quest for the Orb.
     0 | D:1      | Reached XP level 1. HP: 18/18 MP: 1/1
   302 | D:1      | Reached XP level 2. HP: 24/24 MP: 2/2
   622 | D:1      | Reached XP level 3. HP: 30/30 MP: 3/3
   752 | D:1      | Reached skill level 3 in Polearms
   808 | D:2      | Found an ancient bone altar of Kikubaaqudgha.
   936 | D:2      | Found a faded altar of an unknown god.
   947 | D:2      | Became a worshipper of Nemelex Xobeh the Trickster
   947 | D:2      | Reached * piety under Nemelex Xobeh
   947 | D:2      | Received a gift from Nemelex Xobeh
  1217 | D:2      | Reached XP level 4. HP: 37/37 MP: 4/4
  2010 | D:3      | Noticed Jessica
  2014 | D:3      | Killed Jessica
  2015 | D:3      | Reached skill level 4 in Polearms
  2050 | D:3      | Received a gift from Nemelex Xobeh
  2055 | D:3      | Reached XP level 5. HP: 42/42 MP: 5/5
  2079 | D:3      | Noticed Grinder
  2091 | D:3      | Killed Grinder
  2092 | D:3      | Reached skill level 5 in Fighting
  2092 | D:3      | Reached skill level 5 in Polearms
  2092 | D:3      | Reached XP level 6. HP: 51/51 MP: 6/6
  2155 | D:3      | Reached ** piety under Nemelex Xobeh
  2764 | D:4      | Noticed a black bear
  2777 | D:4      | Killed a black bear
  2778 | D:4      | Reached skill level 6 in Polearms
  2778 | D:4      | Reached XP level 7. HP: 56/56 MP: 7/7
  2782 | D:4      | Received a gift from Nemelex Xobeh
  2795 | D:4      | Found a staircase to the Ecumenical Temple.
  2964 | D:4      | Reached skill level 7 in Polearms
  2976 | D:4      | Found a glowing drain.
  3004 | Sewer    | Entered a sewer
  3121 | Sewer    | Noticed a water moccasin
  3124 | Sewer    | Killed a water moccasin
  3241 | D:4      | Found a white marble altar of Elyvilon.
  3292 | D:4      | Reached XP level 8. HP: 61/62 MP: 8/8
  3316 | D:4      | Received a gift from Nemelex Xobeh
  3426 | D:4      | Reached skill level 8 in Polearms
  3560 | D:4      | Reached *** piety under Nemelex Xobeh
  3841 | D:4      | Found Xevai's Antique Armour Emporium.
  3845 | D:4      | Bought a shiny chain mail for 172 gold pieces
  3870 | D:5      | Entered Level 5 of the Dungeon
  3939 | D:5      | Reached skill level 9 in Polearms
  4063 | D:5      | Identified a scroll of acquirement
  4063 | D:5      | Acquired 627 gold pieces
  4261 | D:5      | Found a sand-covered staircase.
  4318 | Ossuary  | Entered an ossuary
  4455 | Ossuary  | Reached skill level 10 in Polearms
  4455 | Ossuary  | Reached XP level 9. HP: 64/68 MP: 9/9
  4601 | D:5      | Reached skill level 1 in Invocations
  5015 | D:5      | Found a blossoming altar of Fedhas.
  5020 | D:5      | Found a radiant altar of Vehumet.
  5020 | D:5      | Found a glowing golden altar of the Shining One.
  5084 | D:5      | Found a broken altar of Ashenzari.
  5334 | D:6      | Received a gift from Nemelex Xobeh
  5877 | D:6      | Reached **** piety under Nemelex Xobeh
  5879 | D:6      | Found Lobual's Distillery.
  5887 | D:6      | Bought a potion of heal wounds for 65 gold pieces
  5887 | D:6      | Bought a potion of heal wounds for 65 gold pieces
  5942 | D:6      | Received a gift from Nemelex Xobeh
  6117 | D:7      | Reached skill level 11 in Polearms
  6216 | D:7      | Found Zoge's Assorted Antiques.
  6555 | D:7      | You fall into a shaft and drop 3 floors!
  6555 | D:10     | Entered Level 10 of the Dungeon
  6594 | D:9      | Noticed a queen bee
  6594 | D:9      | a yak changed into a queen bee
  6594 | D:9      | Noticed an unseen horror
  6594 | D:9      | a yak changed into an unseen horror
  6596 | D:9      | Killed a queen bee
  6598 | D:9      | Reached skill level 5 in Invocations
  6598 | D:9      | Reached XP level 10. HP: 27/74 MP: 13/13
  6614 | D:9      | Reached skill level 12 in Polearms
  6614 | D:9      | Killed an unseen horror
  6863 | D:9      | Noticed a rime drake
  6863 | D:9      | a killer bee changed into a rime drake
  6905 | D:9      | Killed from afar by a rime drake

Illustrated notes

Levels and vault maps discovered:
D:1:      minmay_arrival_solitary_statue, layout_loops_ring
D:2:      layout_loops_ring, basic_altar,
          shapermc_ecumenical_altar_mp_ritualfount, serial_forest,
          infiniplex_forest_end_2, infiniplex_forest_clump_long,
          infiniplex_forest_lined_room_2, infiniplex_forest_clump_curved,
          infiniplex_forest_lined_3, kennysheep_nondescript, chequers_avenue
D:3:      layout_basic, uniq_jessica, uniq_grinder
D:4:      layout_basic, kennysheep_mini_moat, minmay_temple_entry_junction_2,
          gup_sewer_entry_bubbles, serial_shops, shop
D:5:      layout_basic, chequers_temple_overflow_statue_of_worship,
          overflow_temple_1_default, gup_ossuary_entry_pyramid,
          hangedman_minor_gate_pass
D:6:      layout_gridville, serial_shops, shop
D:7:      minmay_flawed_box, layout_basic, okawaru_metal_pillars_3,
          serial_shops, nicolae_shop_statue_plus, shop, shop, kennysheep_diamond
D:9:      layout_basic
D:10:     layout_big_octagon, david_lair_generic, erik_orc_4

Skill      XL: |  1  2  3  4  5  6  7  8  9 10 |
---------------+-------------------------------+-----
Polearms       | 3 4 5 6 7 10 11 12 | 12.6
Fighting       | 4 5 |  5.0
Invocations    | 5 6 |  6.5
Armour         | |  3.2
Shields        | |  3.6

Action                   |  1- 3 |  4- 6 |  7- 9 | 10-12 || total
-------------------------+-------+-------+-------+-------++-------
Melee: Trident           |    97 |    89 |   428 |    41 ||   655
Throw: Dart              |       |       |     5 |       ||     5
Invok: Draw Destruction  |       |     6 |    20 |     4 ||    30
 Abil: Dig               |       |       |    18 |     1 ||    19
  Use: Scroll            |     9 |     3 |    10 |       ||    22
       Potion            |       |       |     1 |     4 ||     5
Armor: Scale mail        |    28 |    23 |    58 |       ||   109
       Chain mail        |       |       |   103 |    21 ||   124
Dodge: Dodged            |    17 |    35 |    84 |    11 ||   147
Block: Kite shield       |    26 |    40 |   213 |    24 ||   303

Table legend: (Time is in decaauts)
 A = Elapsed time spent in this place.
 B = Non-inter-level travel time spent in this place.
 C = Inter-level travel time spent in this place.
 D = Time resting spent in this place.
 E = Time spent auto-exploring this place.
 F = Levels seen in this place.
 G = Mean time per level.
                   A        B        C        D        E       F      G
               +--------+--------+--------+--------+--------+-----+--------+
         Total |   6996 |   6830 |    166 |    684 |   4530 |  11 |  636.0 |
       Dungeon |   6557 |   6391 |    166 |    576 |   4302 |   9 |  728.6 |
         Sewer |    174 |    174 |      0 |      0 |    143 |   1 |  174.0 |
       Ossuary |    265 |    265 |      0 |    108 |     85 |   1 |  265.0 |
               +--------+--------+--------+--------+--------+-----+--------+

Top non-repeatable levels by time:
     D:2: 1232 daAuts
     D:5: 1200 daAuts
     D:6: 1065 daAuts
     D:4: 965 daAuts
     D:1: 822 daAuts
     D:3: 769 daAuts
     D:9: 328 daAuts
 Ossuary: 265 daAuts
   Sewer: 174 daAuts
     D:7: 156 daAuts
    D:10: 15 daAuts
